 Dungeon Crawl Stone Soup version 0.25.1-2-g60ff931df9 (webtiles) character file.

Game seed: 1408802667980672332

1012 DearestLeader the Ruffian (level 8, -6/74 HPs)
             Began as a Troll Monk on Sept 19, 2020.
             Was an Elder of Cheibriados.
             Mangled by a two-headed ogre
             ... wielding a +0 giant club
              (24 damage)
             ... on level 5 of the Dungeon.
             The game lasted 00:08:04 (2953 turns).

DearestLeader the Ruffian (Troll Monk)              Turns: 2953, Time: 00:08:04

Health: -6/74      AC:  6    Str: 29    XL:     8   Next: 1%
Magic:  3/7        EV: 13    Int: 17    God:    Cheibriados [****..]
Gold:   164        SH:  5    Dex: 21    Spells: 7/7 levels left

rFire    . . .     SeeInvis .     - Unarmed
rCold    . . .     Gourm    +   (no shield)
rNeg     . . .     Faith    .   a - +0 robe
rPois    .         Spirit   .   (helmet restricted)
rElec    .         Reflect  +   (no cloak)
rCorr    .         Harm     .   (gloves unavailable)
MR       .....                  (boots unavailable)
Stlth    ++........             l - amulet of reflection
HPRegen  0.62/turn              (no ring)
MPRegen  0.10/turn              (no ring)

@: very slow
A: large, unfitting armour, claws 3, fast metabolism 3, gourmand, regeneration
1, shaggy fur 1, tough skin 3
a: Bend Time, Temporal Distortion, Slouch, Renounce Religion


You were on level 5 of the Dungeon.
You worshipped Cheibriados.
Cheibriados was greatly pleased with you.
You were completely stuffed.

You visited 1 branch of the dungeon, and saw 5 of its levels.
You also visited: Ossuary.

You collected 164 gold pieces.

Inventory:

Armour
 a - a +0 robe (worn)
Jewellery
 e - an uncursed amulet of magic regeneration {unknown}
 l - an amulet of reflection (around neck)
Scrolls
 c - 3 scrolls of teleportation
 h - a scroll of immolation {unknown}
 i - 2 scrolls of random uselessness {unknown}
 k - 2 scrolls of enchant armour {unknown}
 n - a scroll of torment {unknown}
 p - 2 scrolls of remove curse {unknown}
Potions
 d - 2 potions of flight
 f - 4 potions of curing
 j - 5 potions of magic
 m - 2 potions of stabbing
 o - a potion of brilliance {unknown}
Comestibles
 b - 10 rations


   Skills:
 - Level 2.4 Fighting
 + Level 3.2 Throwing
 + Level 4.2 Dodging
 - Level 1.0 Stealth
 * Level 7.9 Unarmed Combat


You had 7 spell levels left.
You didn't know any spells.
Your spell library was empty.

Dungeon Overview and Level Annotations

Branches:
Dungeon (5/15)             Temple (0/1) D:4         Ossuary (visited)

Altars:
Ashenzari
Cheibriados
Kikubaaqudgha
Makhleb
Ru
Xom
The Shining One


Innate Abilities, Weirdness & Mutations

You are too large for most types of armour.
You have claws for hands.
Your metabolism is lightning-fast.
You like to eat raw meat.
Your natural rate of healing is unusually fast.
You are covered in fur. (AC +1)
You have extremely tough skin. (AC +3)


Message History

Found a stone staircase leading up.
There is a stone staircase leading up here.
A two-headed ogre comes into view. It is wielding two +0 giant clubs.
The two-headed ogre hits you with a +0 giant club! x2
You barely miss the two-headed ogre.
You don't know any spells.
You fail to use your ability.
The two-headed ogre hits you with a +0 giant club!
The two-headed ogre closely misses you.
You warp the flow of time around you!
You feel somewhat less full.
You claw the two-headed ogre!
The two-headed ogre is lightly wounded.
The two-headed ogre barely misses you.
The two-headed ogre hits you with a +0 giant club!
* * * LOW HITPOINT WARNING * * *
You claw the two-headed ogre!
The two-headed ogre is moderately wounded.
The two-headed ogre misses you.
The two-headed ogre hits you with a +0 giant club!!
You die...

## .. .# #.#
# ##.## .#
##...####..#
##.....#.....
##....O..#
#.....@.##
#......##
##....##
#..<.##
#.###..# ##
##.## ##.##
##.### ##..#
#...


You could see a two-headed ogre.

Vanquished Creatures
  A necrophage (D:5)
  2 ogres
  3 elf zombies (Ossuary)
  A water moccasin skeleton (D:5)
  2 human zombies (Ossuary)
  A jelly (D:4)
  A centaur skeleton (D:4)
  2 hounds
  Jessica (D:2)
  2 hound zombies (Ossuary)
  4 mummies
  A howler monkey skeleton (D:4)
  7 adders
  3 oozes
  6 adder zombies (Ossuary)
  4 worms
  5 dart slugs
  5 leopard geckos
  2 orcs
  6 bats
  A giant cockroach (D:4)
  3 gnoll zombies (Ossuary)
  8 goblins
  10 hobgoblins
  6 jackals
  2 ball pythons
  6 frilled lizards
  A goblin zombie (Ossuary)
  5 hobgoblin zombies
  A jackal skeleton (D:4)
  3 jackal zombies (Ossuary)
  5 kobolds
  5 kobold zombies
  An orc zombie (Ossuary)
  3 quokka zombies (Ossuary)
  8 rats
  3 rat zombies (Ossuary)
130 creatures vanquished.

Notes
Turn   | Place    | Note
-------+----------+-------------------------------------------
     0 | D:1      | DearestLeader the Troll Monk began the quest for the Orb.
     0 | D:1      | Reached XP level 1. HP: 22/22 MP: 0/0
    80 | D:1      | Reached XP level 2. HP: 26/29 MP: 1/1
   490 | D:1      | Reached skill level 4 in Unarmed Combat
   740 | D:1      | Found an ancient bone altar of Kikubaaqudgha.
   768 | D:2      | Reached XP level 3. HP: 36/36 MP: 2/2
  1135 | D:2      | Found a glowing golden altar of the Shining One.
  1266 | D:2      | Reached XP level 4. HP: 44/44 MP: 3/3
  1290 | D:2      | Noticed Jessica
  1292 | D:2      | Killed Jessica
  1292 | D:2      | Reached skill level 5 in Unarmed Combat
  1433 | D:2      | Found a shimmering altar of Xom.
  1743 | D:3      | Reached XP level 5. HP: 50/50 MP: 4/4
  1854 | D:3      | Found a snail-covered altar of Cheibriados.
  1859 | D:3      | Became a worshipper of Cheibriados the Contemplative
  1859 | D:3      | Reached * piety under Cheibriados
  1859 | D:3      | Reached ** piety under Cheibriados
  1902 | D:4      | Found a staircase to the Ecumenical Temple.
  1990 | D:4      | Reached skill level 1 in Throwing
  1990 | D:4      | Reached skill level 6 in Unarmed Combat
  1994 | D:4      | Reached XP level 6. HP: 55/59 MP: 5/5
  2009 | D:4      | Found a burning altar of Makhleb.
  2016 | D:4      | Found a sand-covered staircase.
  2027 | Ossuary  | Entered an ossuary
  2190 | Ossuary  | Reached XP level 7. HP: 64/66 MP: 6/6
  2210 | Ossuary  | Reached *** piety under Cheibriados
  2266 | Ossuary  | Reached skill level 7 in Unarmed Combat
  2621 | D:4      | Found a shattered altar of Ashenzari.
  2781 | D:5      | Entered Level 5 of the Dungeon
  2831 | D:5      | Reached **** piety under Cheibriados
  2862 | D:5      | Found a sacrificial altar of Ru.
  2923 | D:5      | Reached XP level 8. HP: 74/74 MP: 7/7
  2945 | D:5      | Noticed a two-headed ogre
  2953 | D:5      | Mangled by a two-headed ogre

Illustrated notes

Levels and vault maps discovered:
D:1:      dpeg_arrival_water_altar, layout_loops_corners
D:2:      minmay_recursive_quarters, layout_loops_ring, tgw_xom,
          old_standard_altar, uniq_jessica
D:3:      layout_rooms, cheibriados_altar_1, first_ration, grunt_decor_arrowhead
D:4:      layout_cave_pools, cheibrodos_ashenzari_chains,
          minmay_temple_entry_wispy, nicolae_ossuary_entry_giza,
          makhleb_heckhound_becter
D:5:      lemuel_upstairs_altar, layout_layer_cave, lemuel_round_altar,
          nicolae_ru_sacrificial_ziggurat, uniq_menkaure

Skill      XL: |  1  2  3  4  5  6  7 |
---------------+----------------------+-----
Unarmed Combat | 4 5 6 7 |  7.9
Dodging        | 3 4 |  4.2
Throwing       | 1 2 3 |  3.2
Fighting       | |  2.4
Stealth        | |  1.0

Action                   |  1- 3 |  4- 6 |  7- 9 || total
-------------------------+-------+-------+-------++-------
Melee: Unarmed           |    92 |   144 |    91 ||   327
       Punch             |     1 |     1 |     7 ||     9
Invok: Temporal Distorti |       |       |     1 ||     1
  Use: Scroll            |     4 |       |     4 ||     8
 Stab: Sleeping          |     6 |     3 |     2 ||    11
  Eat: Chunk             |    17 |     7 |     5 ||    29
Armor: Robe              |    32 |    46 |    18 ||    96
Dodge: Dodged            |    40 |    62 |    38 ||   140
Block: Other             |     5 |    30 |    14 ||    49
